 Dungeon Crawl Stone Soup version 0.17-a0-2099-g910b1c6 (webtiles) character file.

949 Kromin the Carver (level 7, -1/58 HPs)
             Began as a Minotaur Berserker on Oct 18, 2015.
             Was an Elder of Trog.
             Killed from afar by an orc wizard (5 damage)
             ... with a puff of frost
             ... on level 5 of the Dungeon.
             The game lasted 00:08:09 (3826 turns).

Kromin the Carver (Minotaur Berserker)              Turns: 3826, Time: 00:08:11

Health: -1/58      AC:  3    Str: 23    XL:     7   Next: 89%
Magic:  6/6        EV: 12    Int:  8    God:    Trog [****..]
Gold:   150        SH:  0    Dex: 10    Spells: 0 memorised, 6 levels left

rFire  x . .     SeeInvis .     a - +0 falchion
rCold  + . .     Clarity  .     b - +0 animal skin
rNeg   . . .     SustAt   .     (no shield)
rPois  .         Gourm    .     (helmet restricted)
rElec  .         Spirit   .     (no cloak)
rCorr  .         Warding  .     r - +0 pair of gloves
rMut   .         Stasis   .     (no boots)
MR     .....                    (no amulet)
Stlth  +.........               u - +4 ring of intelligence
                                e - ring of ice

@: lethally poisoned (-1 -> -6), not resistant to hostile enchantments, very
unstealthy
A: retaliatory headbutt, horns 2
a: Burn Spellbooks, Berserk, Trog's Hand, Brothers in Arms, Renounce Religion


You were on level 5 of the Dungeon.
You worshipped Trog.
Trog was greatly pleased with you.
You were hungry.

You visited 1 branch of the dungeon, and saw 5 of its levels.

You collected 150 gold pieces.

Inventory:

Hand Weapons
 a - a +0 falchion (weapon)
Armour
 b - a +0 animal skin (worn)
 r - a +0 pair of gloves (worn)
 x - a troll hide {Purgy}
Jewellery
 e - a ring of ice (left hand)
 u - a +4 ring of intelligence (right hand)
Wands
 w - a wand of slowing (35)
 F - a wand of disintegration (8)
Scrolls
 d - 2 scrolls of remove curse {unknown}
 f - a scroll of enchant armour {unknown}
 g - a scroll of random uselessness {unknown}
 j - 5 scrolls of identify {unknown}
 l - a scroll of fog {unknown}
 n - a scroll of immolation {unknown}
 s - a scroll of amnesia {unknown}
 y - 2 scrolls of teleportation {unknown}
 C - a scroll of enchant weapon {unknown}
 E - a scroll of acquirement {unknown}
Potions
 i - 2 potions of flight {unknown}
 m - 3 potions of curing {unknown}
 o - a potion of mutation {unknown}
 q - a potion of agility {unknown}
 t - a potion of might {unknown}
 v - a potion of cancellation {unknown}
 A - a potion of ambrosia {unknown}
 B - a potion of poison {unknown}
 D - a potion of lignification {unknown}
Comestibles
 c - 4 bread rations
 k - a beef jerky
 p - a meat ration
 z - 2 fruits
 H - 3 chunks of flesh


   Skills:
 - Level 3.8 Fighting
 + Level 11.1 Long Blades
 - Level 2.7 Armour
 - Level 2.3 Dodging


You had 6 spell levels left.
You didn't know any spells.

Dungeon Overview and Level Annotations

Branches:
Dungeon (5/15)             Temple (0/1) D:5

Altars:
Dithmenos
Sif Muna
The Shining One


Innate Abilities, Weirdness & Mutations

You reflexively headbutt those who attack you in melee.
You have a pair of horns on your head.


Message History

You hit something but do no damage. The worker ant misses you.
Something hits you.
* * * LOW HITPOINT WARNING * * *
You miss something. Something hits you.
* * * LOW HITPOINT WARNING * * *
The worker ant bites you.
* * * LOW HITPOINT WARNING * * *
You are poisoned.
The worker ant poisons you!
You hit something. You headbutt something.
You feel sick. Something hits you.
* * * LOW HITPOINT WARNING * * *
The worker ant bites you.
* * * LOW HITPOINT WARNING * * *
You closely miss something.
* * * LOW HITPOINT WARNING * * *
You feel sick.
You hear some strange, mumbled words.
A puff of frost appears from out of thin air!
The puff of frost hits you! You resist.
You die...

.............#[#
#.#.......#.#.#
###...........#.#
...#...>...#...#
#.............#####
#.#.......#.......#
#.............###.##
#.#5#)#.#.#...#.....
#..@))........#.#.##
##..a###.###......##
###<# #......#.##%.
..# #.### ##.##.#
##.# .# #.##.# #.#
.### #.##.# ...
.....##.##.# ..#
#.........
##.###.#...


You could see a worker ant and a crimson imp.

Vanquished Creatures
  Purgy (D:3)
  An ice beast (D:5)
  A necrophage (D:5)
  A scorpion (D:5)
  A crimson imp (D:5)
  A centaur skeleton (D:5)
  An orc priest (D:4)
  2 hounds (D:4)
  4 orc wizards
  Jessica (D:3)
  Terence (D:3)
  5 worker ants
  4 gnolls (D:4)
  Robin (D:3)
  3 adders
  An ooze (D:1)
  3 worms
  3 giant geckos
  15 orcs
  9 bats
  2 giant cockroaches (D:2)
  16 goblins
  9 hobgoblins
  2 jackals (D:3)
  A quokka (D:2)
  A ball python (D:1)
  7 giant newts
  5 kobolds
  A quokka skeleton (D:5)
  6 rats
109 creatures vanquished.

Notes
Turn   | Place    | Note
--------------------------------------------------------------
     0 | D:1      | Kromin the Minotaur Berserker began the quest for the Orb.
     0 | D:1      | Reached XP level 1. HP: 19/19 MP: 0/0
   157 | D:1      | Reached skill level 4 in Long Blades
   157 | D:1      | Reached XP level 2. HP: 20/27 MP: 1/1
   740 | D:2      | Reached XP level 3. HP: 25/33 MP: 2/2
   964 | D:2      | Found a deep blue altar of Sif Muna.
   990 | D:2      | Reached skill level 5 in Long Blades
  1001 | D:2      | Found a shadowy altar of Dithmenos.
  1105 | D:2      | Found a glowing golden altar of the Shining One.
  1176 | D:2      | Reached ** piety under Trog
  1466 | D:3      | Noticed Robin
  1472 | D:3      | Reached XP level 4. HP: 29/40 MP: 3/3
  1478 | D:3      | Killed Robin
  1486 | D:3      | Reached skill level 6 in Long Blades
  1794 | D:3      | Reached *** piety under Trog
  1891 | D:3      | Noticed Purgy
  1905 | D:3      | Killed Purgy
  1905 | D:3      | Reached skill level 7 in Long Blades
  1905 | D:3      | Reached XP level 5. HP: 27/46 MP: 4/4
  2145 | D:3      | Noticed Terence
  2146 | D:3      | Noticed Jessica
  2149 | D:3      | Killed Terence
  2153 | D:3      | Killed Jessica
  2351 | D:4      | Reached skill level 8 in Long Blades
  2351 | D:4      | Reached XP level 6. HP: 49/52 MP: 5/5
  2880 | D:4      | Reached skill level 9 in Long Blades
  3387 | D:5      | Entered Level 5 of the Dungeon
  3395 | D:5      | Reached XP level 7. HP: 54/58 MP: 6/6
  3478 | D:5      | Reached skill level 10 in Long Blades
  3637 | D:5      | Reached **** piety under Trog
  3778 | D:5      | Found a staircase to the Ecumenical Temple.
  3788 | D:5      | Reached skill level 11 in Long Blades
  3815 | D:5      | HP: 1/55 [something/puff of flame (12)]
  3826 | D:5      | Killed from afar by an orc wizard

Vault maps used:
D:1:      lightli_arrival_boilingwater
D:2:      grunt_dithmenos_smoke_and_mirrors, old_standard_altar,
          nicolae_tso_swordbearing_angel
D:3:      uniq_robin, uniq_jessica, uniq_terence, uniq_purgy
D:4:      first_bread, minmay_misc_feat_hallway
D:5:      minmay_temple_entry_glass, minmay_misc_feat_columns

Action                   |  1- 3 |  4- 6 |  7- 9 || total
-------------------------+-------+-------+-------++-------
Melee: Falchion          |   108 |   158 |    85 ||   351
Invok: Burn Spellbooks   |       |     1 |     1 ||     2
       Berserk           |       |     1 |       ||     1
Evoke: Wand              |       |       |     1 ||     1
  Use: Potion            |       |       |     2 ||     2
 Stab: Sleeping          |       |       |     2 ||     2
  Eat: Chunk             |     1 |     8 |     1 ||    10
